 Dungeon Crawl Stone Soup version 0.31-a0-836-g3ceb0a68c4 (webtiles) character file.

Game seed: 17732059602113038130

72 demibob the Ruffian (level 4, -2/38 HPs)
             Began as a Draconian Chaos Knight on Sept 27, 2023.
             Was a Plaything of Xom.
             Succumbed to Sigmund's poison
             ... on level 3 of the Dungeon.
             The game lasted 00:02:07 (1523 turns).

demibob the Ruffian (Draconian Chaos Knight)        Turns: 1523, Time: 00:02:08

Health: -2/38      AC:  7    Str: 20      XL:     4   Next: 6%
Magic:  4/4        EV: 12    Int: 12      God:    Xom [....*.]
Gold:   47         SH:  0    Dex: 12 (13) Spells: 3/3 levels left

rFire   . .          .
                       - Unarmed
rCold   . . .        (no shield)
rNeg    . . .        (body armour unavailable)
rPois   .            (helmet restricted)
rElec   .            (no cloak)
rCorr   .            g - +0 pair of gloves
SInv    .            b - +0 pair of boots
Will    +....        (no amulet)
Stlth   +            S - +6 ring of strength
HPRegen 0.26/turn    (no ring)
MPRegen 0.09/turn

%: no passive effects
@: lethally poisoned (-2 -> -16), enlightened, flying
A: AC +5, unfitting armour, cold-blooded
a: Renounce Religion


You were on level 3 of the Dungeon.
You worshipped Xom.
You were a beloved toy of Xom.
You visited 1 branch of the dungeon, and saw 3 of its levels.

You collected 47 gold pieces.


Innate Abilities, Weirdness & Mutations

Your plain brown scales are hard. (AC +5)
You cannot fit into any form of body armour.
You are cold-blooded and may be slowed by cold attacks.


   Skills:
 - Level 3.2 Fighting
 - Level 2.1 Dodging
 + Level 5.0 Unarmed Combat


You had 3 spell levels left.
You didn't know any spells.
Your spell library was empty.

Inventory:

Armour
 b - a +0 pair of boots (worn)
 g - a +0 pair of gloves (worn)
Jewellery
 S - a +6 ring of strength (left hand)

Dungeon Overview and Level Annotations

Branches:
Dungeon (3/15)

Altars:

Annotations:
D:3 Sigmund

#.# # #.#
...#######.#
...........#####
####.........#
##<######.# #.#
#b########.##. #)#
#bb.b.bb...... #.#
####bb@bbbb......
#.#
#b.bb{b####..#..#
... #.###bb# .## .
... # #bb# .
).....###b.####...
..............#.#
....###b.####.#..
.. #..# #$.#


There were no monsters in sight!


Message History

You fly up into the air.
You fly downwards.
Level annotation: Sigmund Sigmund says, "Now you see me, now you don't..."
There is a stone staircase leading up here.
Okay, then.
Sigmund hits you from afar with a +4 scythe of venom.
You are poisoned.
You feel very sick.
Sigmund gestures wildly while chanting.
Sigmund flickers and vanishes!
Deactivating autopickup; reactivate with Ctrl-A.
You see here a dart slug corpse.
You aren't carrying any potions.
Unknown command.
As you read the scroll of butterflies, it crumbles to dust.
You hear the flapping of tiny wings.
You feel sick.
You feel sick. Something hits you!
You are more poisoned.
You hit something.
You feel very sick. Something hits you!
* * * LOW HITPOINT WARNING * * *
You are more poisoned.
You hit something but do no damage.
* * * LOW HITPOINT WARNING * * *
You feel very sick.
You hit something.
You die...
Xom roars with laughter!

Skill      XL: |  1  2  3  4 |
---------------+-------------+-----
Unarmed Combat | 4 5 |  5.0
Fighting       | |  3.2
Dodging        | |  2.1

Action                     |  1- 3 |  4- 6 || total
---------------------------+-------+-------++-------
  Melee: Unarmed           |   157 |     8 ||   165
         Tailslap          |    23 |       ||    23
         Punch             |     1 |       ||     1
    Use: Scroll            |     5 |     1 ||     6
         Potion            |       |     1 ||     1
   Stab: Sleeping          |     2 |       ||     2
 Armour: Skin              |    79 |     6 ||    85
  Dodge: Dodged            |   133 |     1 ||   134

Levels and vault maps discovered:
D:1:      minmay_arrival_glassed_features, layout_basic,
          minmay_stone_trees_large
D:2:      layout_loops_ring, serial_undead, serial_undead_f, serial_undead_b,
          serial_undead_e, serial_undead_a, serial_undead_e, serial_undead_b,
          shapermc_ecumenical_altar_ellora
D:3:      layout_loops_ring, serial_shops, shop, shop, nicolae_shop_waterfront,
          shop, uniq_sigmund

Notes
Turn   | Place    | Note
-------+----------+-------------------------------------------
     0 | D:1      | demibob the Draconian Chaos Knight began the quest for the
                  | Orb.
     0 | D:1      | Reached XP level 1. HP: 19/19 MP: 1/1
     7 | D:1      | XOM: silly message
    36 | D:1      | XOM: silly message
    98 | D:1      | Reached XP level 2. HP: 22/26 MP: 2/2
   228 | D:1      | XOM is BORED!
   228 | D:1      | XOM: silly message
   316 | D:1      | Reached skill level 4 in Unarmed Combat
   409 | D:1      | Reached XP level 3. HP: 30/31 MP: 3/3
   705 | D:2      | XOM: silly message
   924 | D:2      | XOM: summons 2 hostile demons
  1085 | D:2      | Found a faded altar of an unknown god.
  1349 | D:3      | Reached XP level 4. HP: 31/38 MP: 4/4
  1354 | D:3      | Reached skill level 5 in Unarmed Combat
  1404 | D:3      | Noticed Sigmund
  1522 | D:3      | HP: 1/38 [poisoned by Sigmund]
  1523 | D:3      | Succumbed to Sigmund's poison

Vanquished Creatures
  An adder (D:2)
  2 adder skeletons (D:2)
  3 dart slugs
  5 ball pythons
  3 bats (D:1)
  5 endoplasms
  2 giant cockroaches
  6 goblins
  4 hobgoblins
  2 jackals (D:2)
  3 kobolds (D:1)
  A ball python skeleton (D:2)
  2 ball python zombies (D:2)
  3 frilled lizards
  5 rats
47 creatures vanquished.

Table legend: (Time is in decaauts)
 A = Elapsed time spent in this place.
 B = Non-inter-level travel time spent in this place.
 C = Inter-level travel time spent in this place.
 D = Time resting spent in this place.
 E = Time spent auto-exploring this place.
 F = Levels seen in this place.
 G = Mean time per level.
                   A        B        C        D        E       F      G
               +--------+--------+--------+--------+--------+-----+--------+
         Total |   1512 |   1463 |     49 |    100 |   1023 |   3 |  504.0 |
       Dungeon |   1512 |   1463 |     49 |    100 |   1023 |   3 |  504.0 |
               +--------+--------+--------+--------+--------+-----+--------+

Top non-repeatable levels by time:
     D:2: 844 daAuts
     D:1: 577 daAuts
     D:3: 91 daAuts

Table legend:
 A = Non-vault XP
 B = Vault XP
 C = Vault XP percentage of total XP
 D = Non-vault monster count
 E = Vault monster count
 F = Vault count percentage of total count
                 A         B        C        D         E       F
            +---------+---------+-------+---------+---------+-------
      Total |      90 |      13 |  12.6 |      42 |       5 |  10.6
            +---------+---------+-------+---------+---------+-------
        D:1 |      43 |       0 |   0.0 |      22 |       0 |   0.0
        D:2 |      40 |      13 |  24.5 |      17 |       5 |  22.7
        D:3 |       7 |       0 |   0.0 |       3 |       0 |   0.0
            +---------+---------+-------+---------+---------+-------
